 Dungeon Crawl Stone Soup version 0.14-a0-2888-g61d0ccb (webtiles) character file.

211 GeneKelly the Insei (level 4, -3/28 HPs)
             Began as an Octopode Transmuter on Mar 1, 2014.
             Slain by a giant gecko (4 damage)
             ... on Level 2 of the Dungeon.
             The game lasted 00:06:30 (1563 turns).

GeneKelly the Insei (Octopode Transmuter)           Turns: 1563, Time: 00:06:30

HP  -3/28        AC  1     Str 10      XL: 4   Next: 56%
MP   7/8         EV 12     Int 15      God:
Gold 121         SH  0     Dex 13      Spells:  2 memorised,  4 levels left

rFire  . . .     SeeInvis .       - Unarmed
rCold  . . .     Clarity  .     (no shield)
rNeg   . . .     Conserve .     (helmet restricted)
rPois  .         rCorr    .     (no amulet)
rElec  .         rRot     .     n - +1 ring of dexterity
SustAb . .       Spirit   .     (no ring)
rMut   .         Warding  .     (no ring)
Saprov . . .     Stasis   .     (no ring)
MR     .....                    (no ring)
                                (no ring)
                                (no ring)
                                (no ring)

@: appendage, not resistant to hostile enchantments, fairly stealthy
A: almost no armour, amphibious, 8 rings, constrict 8, tentacle spike 3,
camouflage 1, gelatinous body 1
a: End Transformation


You were on level 2 of the Dungeon.
You were hungry.
One of your tentacles had a temporary spike.
You visited 1 branch of the dungeon, and saw 2 of its levels.

You collected 121 gold pieces.

Inventory:

Hand weapons
 m - a cursed -1,-1 short sword
Missiles
 b - 8 arrows
Comestibles
 a - a bread ration
Scrolls
 f - a scroll of fog {unknown}
 h - a scroll of immolation {unknown}
 i - 6 scrolls of identify {unknown}
 j - a scroll of remove curse {unknown}
 k - a scroll of amnesia {unknown}
 l - 2 scrolls of random uselessness {unknown}
Jewellery
 n - a +1 ring of dexterity (left tentacle)
Potions
 c - a potion of brilliance {unknown}
 e - a potion of resistance {unknown}
 g - 2 potions of heal wounds {unknown}
Books
 d - a book of Changes

   Spells                             Type                      Level
   *Beastly Appendage                 Transmutation                1
   *Sticks to Snakes                  Transmutation                2
   Spider Form                        Transmutation/Poison         3
   Ice Form                           Ice/Transmutation            4
   Blade Hands                        Transmutation                5


   Skills:
 - Level 1.1 Fighting
 - Level 2.4 Dodging
 * Level 4.2 Unarmed Combat
 + Level 2.4 Spellcasting
 + Level 2.6 Transmutations


You had 4 spell levels left.
You knew the following spells:

 Your Spells              Type           Power        Failure   Level  Hunger
a - Beastly Appendage     Trmt           #.....       10%         1    #......
b - Sticks to Snakes      Trmt           #.........   12%         2    ##.....


Dungeon Overview and Level Annotations

Branches:
Dungeon (2/16)

Altars:


Innate Abilities, Weirdness & Mutations

You cannot wear most types of armour.
You are amphibious.
You can wear up to eight rings at the same time.
You can use your tentacles to constrict many enemies at once.
Your skin changes colour to match your surroundings (Stlth).
Your rubbery body absorbs attacks (AC +1).
One of your tentacles bears a large vicious spike.


Message History

Sorry, you're not good enough to have a special ability.
Casting: Beastly Appendage
Confirm with . or Enter, or press ? or * to list all spells.
One of your tentacles grows a vicious spike.
The giant gecko bites you.
* * * LOW HITPOINT WARNING * * *
You hit the giant gecko. Your grab misses the giant gecko.
Your tentacle spike misses the giant gecko.
Your tentacle-slap misses the giant gecko.
The giant gecko is severely wounded.
The giant gecko bites you.
* * * LOW HITPOINT WARNING * * *
You barely miss the giant gecko. Your grab misses the giant gecko.
The giant gecko is severely wounded.
The giant gecko bites you but does no damage.
You miss the giant gecko. Your grab misses the giant gecko.
Your tentacle spike misses the giant gecko.
The giant gecko is severely wounded.
The giant gecko bites you.
You die...

.....#.#.#...#.#.#.#
.#.#.#.#.#.#.#.#.#.#
.#..)#.#.#.#.#.#.#.#####
.###.#.#.#...#.#%#.....#
.# #.#.#.......#%#.....##
.# #.#.........%%#........
)###......###...$......###
.......#### #...%l........
..###### #..?@......###
..# #............ ..#
#.....?....#. ..#
#%%........# ..#
#.......##### ..#
#.......# ..# #.......#
..# #...##.####### ###
#..## .# #...#


You could see a giant gecko.

Vanquished Creatures
  3 adders
  2 worms (D:2)
  3 giant geckos
  A giant cockroach (D:1)
  7 goblins
  4 hobgoblins (D:1)
  2 jackals (D:2)
  3 bats (D:1)
  3 giant newts (D:1)
  7 kobolds
  21 rats
56 creatures vanquished.

Vanquished Creatures (collateral kills)
  A bat (D:2)
1 creature vanquished.

Grand Total: 57 creatures vanquished

Notes
Turn   | Place    | Note
--------------------------------------------------------------
     0 | D:1      | GeneKelly, the Octopode Transmuter, began the quest for the Orb.
     0 | D:1      | Reached XP level 1. HP: 13/13 MP: 3/3
    89 | D:1      | Reached XP level 2. HP: 13/18 MP: 4/4
   564 | D:1      | Learned a level 2 spell: Sticks to Snakes
   692 | D:1      | Reached XP level 3. HP: 20/23 MP: 6/6
  1321 | D:2      | Reached XP level 4. HP: 19/28 MP: 8/8
  1396 | D:2      | Reached skill level 4 in Unarmed Combat
  1561 | D:2      | HP: 1/28 [giant gecko (2)]
  1563 | D:2      | Slain by a giant gecko

Action                   |  1- 3 |  4- 6 || total
-------------------------+-------+-------++-------
Melee: Unarmed           |    77 |    52 ||   129
 Cast: Beastly Appendage |     2 |     3 ||     5
       Sticks to Snakes  |     2 |     2 ||     4
